AoeStats
← MONSEkatish

Nomad

510425866Analyzed
2v2 RM · 3d ago on Oct 1, 2026· 47m 36s· 4 players
Game mode
Random Map
Map size
176×176
Population
200
Speed
Normal
Resources
Standard
Victory
Conquest
Starting age
Dark Age
Ending age
Imperial Age
RankedLock teamsTeams togetherTeam positionsShared explorationLock speedFull tech treeHidden civsTurbo modeCheats
Victory
Defeat
🇲🇽 Japanese · Mexico
565
+14
🇨🇴 Franks · Colombia
464
+19
🇨🇴 Teutons · Colombia
533
-17
🇺🇸 Vietnamese · United States
504
-16
oohMrBreeze
9:28 Loom
13:30 Feudal Age
14:11 Double-Bit Axe
17:04 Town Watch
19:41 Horse Collar
22:27 Wheelbarrow
22:21 Stone Mining
22:24 Gold Mining
22:51 Forging
25:16 Castle Age
23:39 Scale Barding Armor
23:22 Arson
24:09 Fletching
26:01 Bloodlines
25:53 Scale Mail Armor
26:17 Bow Saw
26:13 Heavy Plow
27:23 Stone Shaft Mining
27:03 Bodkin Arrow
29:35 Murder Holes
29:44 Chatras
29:47 Husbandry
30:29 Chain Barding Armor
32:07 Iron Casting
33:40 Ballistics
33:33 Squires
36:31 Chain Mail Armor
36:55 Hand Cart
40:45 Imperial Age
40:35 Thumb Ring
42:14 Plate Mail Armor
42:46 Siege Engineers
44:42 Plate Barding Armor
45:31 Bracer
45:01 Crossbowman
46:52 Hoardings
MONSEkatish
4:29 Loom
16:19 Feudal Age
17:26 Double-Bit Axe
18:30 Horse Collar
20:03 Man-at-Arms
21:41 Wheelbarrow
21:56 Town Watch
24:18 Stone Mining
24:20 Gold Mining
24:54 Forging
30:34 Castle Age
30:22 Arson
30:45 Scale Mail Armor
30:49 Long Swordsman
34:56 Heavy Plow
seanmoba
11:04 Loom
17:45 Feudal Age
19:45 Double-Bit Axe
24:12 Castle Age
22:46 Stone Mining
22:46 Man-at-Arms
23:42 Scale Mail Armor
23:40 Horse Collar
25:00 Long Swordsman
26:19 Gambesons
27:48 Heavy Plow
29:34 Pikeman
31:05 Arson
32:31 Squires
33:01 Chain Mail Armor
Maruguari
13:24 Loom
19:00 Feudal Age
19:43 Gold Mining
23:26 Wheelbarrow
28:08 Castle Age
27:22 Scale Barding Armor
29:57 Chain Barding Armor
29:49 Forging
30:51 Stone Mining
31:48 Gold Shaft Mining
32:19 Husbandry
34:11 Pikeman
34:52 Squires
41:24 Hand Cart
46:57 Light Cavalry
Connection lost

Rejoining the realm…

Still unreachable

The connection could not be restored.

Session expired

The server has moved on; the page needs a fresh start.